 Dungeon Crawl Stone Soup version 0.20.1-1-g8b1a95d (webtiles) character file.

872028 Andry07 the Invulnerable (level 27, -5/199 HPs)
             Began as a Gargoyle Fighter on Oct 9, 2017.
             Was the Champion of the Shining One.
             Killed by the air
             ... invoked by a titan
             ... created by the fury of Okawaru
              (41 damage)
             ... on level 7 of Tartarus on Oct 11, 2017.
             The game lasted 05:53:30 (86616 turns).

Andry07 the Invulnerable (Gargoyle Fighter)        Turns: 86616, Time: 05:53:31

Health: -5/199     AC: 62    Str: 30    XL:     27
Magic:  20/36      EV: 26    Int: 10    God:    the Shining One [******]
Gold:   5684       SH: 59    Dex: 24    Spells: 10/26 levels left

rFire    + . .     SeeInvis +   A - +10 morningstar "Eos" {elec, Halo rElec}
rCold    + + .     Gourm    .   a - +8 large shield {AC+3}
rNeg     + + +     Faith    .   e - +5 plate armour of the Volcano {*Contam rCorr Dex+6 Slay+6}
rPois    ∞         Spirit   .   f - +0 mask of the Dragon {MR+ Slay+3 SInv}
rElec    +         Reflect  +   c - scarf {rC+ rF+}
rCorr    +         Harm     .   b - +2 pair of gloves {Dex+3}
MR       ++++.     Rnd*Rage +   d - +0 pair of boots "Sasoegir" {rElec MR+ Regen+}
Stlth    ..........             Z - +4 amulet of reflection
Regen    0.9/turn               N - ring of Haic {rN+ Dex+4}
MPRegen  0.3/turn               k - ring of Robustness {AC+8}

@: divine shield, flying, glowing
A: big wings, claws 1, iridescent scales 1, large bone plates 1, berserk 1,
blurry vision 1, cold resistance 1, deformed body, negative energy resistance 1,
screaming 2, electricity resistance, unbreathing, petrification resistance, rot
immunity, AC +20
}: 5/15 runes: serpentine, barnacled, slimy, silver, bone
a: Stop Flying, Divine Shield, Cleansing Flame, Summon Divine Warrior, Brand
Weapon With Holy Wrath, Renounce Religion


You were on level 7 of Tartarus.
You worshipped the Shining One.
The Shining One was exalted by your worship.
You were very hungry.

You visited 15 branches of the dungeon, and saw 67 of its levels.
You also visited: Bailey and Ice Cave.

You collected 11499 gold pieces.
You spent 5815 gold pieces at shops.

Inventory:

Hand Weapons
 r - the +12 mace of Kochevy {vamp, rElec Stlth+}
   (You found it on level 5 of the Pits of Slime)

   It inflicts no extra harm, but heals its wielder when it wounds a living foe.
   It insulates you from electricity.
   It makes you more stealthy.
   The Shining One disapproves of the use of such an item.
 y - a +3 demon whip
 A - the +10 morningstar "Eos" (weapon) {elec, Halo rElec}
   (You found it on level 3 of the Elven Halls)

   Occasionally, upon striking a foe, it will discharge some electrical energy
   and cause terrible harm.
   It insulates you from electricity.
 Q - the +10 short sword of Forced Transition {flame, rElec Str+2 Dex+3}
   (You found it on level 3 of the Elven Halls)

   It has been specially enchanted to burn those struck by it, causing extra
   injury to most foes and up to half again as much damage against particularly
   susceptible opponents.
   It affects your strength (+2).
   It affects your dexterity (+3).
   It insulates you from electricity.
Missiles
 t - 8 tomahawks of dispersal (quivered)
Armour
 a - a +8 large shield of protection (worn)
 b - a +2 pair of gloves of dexterity (worn)
 c - a scarf of resistance (worn)
 d - the +0 pair of boots "Sasoegir" (worn) {rElec MR+ Regen+}
   (You bought it in a shop on level 2 of the Vaults)

   It insulates you from electricity.
   It affects your resistance to hostile enchantments.
   It increases your rate of regeneration.
 e - the +5 plate armour of the Volcano (worn) {*Contam rCorr Dex+6 Slay+6}
   (Okawaru gifted it to you on level 10 of the Dungeon)

   It affects your dexterity (+6).
   It affects your accuracy and damage with ranged weapons and melee attacks
   (+6).
   It causes magical contamination when unequipped.
   It protects you from acid and corrosion.
 f - the +0 mask of the Dragon (worn) {MR+ Slay+3 SInv}
   (You found it on level 5 of the Vaults)

   It affects your accuracy and damage with ranged weapons and melee attacks
   (+3).
   It affects your resistance to hostile enchantments.
   It lets you see invisible.
 D - a scarf of cloud immunity
 G - +0 gold dragon scales
 H - +8 pearl dragon scales
Jewellery
 k - the ring of Robustness (right hand) {AC+8}
   (You found it on level 3 of the Elven Halls)

   [ring of protection]

   It affects your AC (+8).
 N - the ring of Haic (left hand) {rN+ Dex+4}
   (You found it on level 3 of the Crypt)

   [ring of positive energy]

   It affects your dexterity (+4).
   It protects you from negative energy.
 P - the ring "Botzar" {+Blink rElec rF++ EV+1 Dex-3}
   (You found it on level 5 of the Pits of Slime)

   [ring of evasion]

   It affects your evasion (+1).
   It affects your dexterity (-3).
   It greatly protects you from fire.
   It insulates you from electricity.
   It lets you blink.
 T - an uncursed amulet of regeneration
 Z - a +4 amulet of reflection (around neck)
Wands
 w - a wand of digging (23/24)
Scrolls
 h - 2 scrolls of brand weapon
 m - a scroll of summoning
 o - a scroll of torment
 q - 3 scrolls of blinking
 u - 5 scrolls of magic mapping
 v - 11 scrolls of identify
 x - 15 scrolls of remove curse
 B - 11 scrolls of recharging
 C - 14 scrolls of fog
 I - 10 scrolls of amnesia
 M - 4 scrolls of immolation
 R - 16 scrolls of teleportation
 U - 7 scrolls of enchant weapon
 W - a scroll of silence
 X - a scroll of holy word
 Y - a scroll of enchant armour
Potions
 j - 3 potions of resistance
 p - 18 potions of curing
 s - 14 potions of agility
 z - 15 potions of might
 E - 2 potions of cancellation
 F - 8 potions of ambrosia
 K - 11 potions of heal wounds
 V - 10 potions of haste
Books
 g - a book of Changes

   Spells                             Type                      Level
   a - Beastly Appendage              Transmutation                1
   b - Sticks to Snakes               Transmutation                2
   c - Spider Form                    Transmutation/Poison         3
   d - Ice Form                       Ice/Transmutation            4
   e - Blade Hands                    Transmutation                5
 J - a book of Geomancy

   Spells                             Type                      Level
   a - Sandblast                      Earth                        1
   b - Passwall                       Transmutation/Earth          2
   c - Stone Arrow                    Conjuration/Earth            3
   d - Petrify                        Transmutation/Earth          4
   e - Lee's Rapid Deconstruction     Earth                        5
Miscellaneous
 i - a phantom mirror
 L - a phial of floods
Comestibles
 l - 17 meat rations
 n - 20 royal jellies
 O - 33 fruits
 S - 9 bread rations


   Skills:
 O Level 27 Fighting
 - Level 14.6 Maces & Flails
 O Level 27 Armour
 - Level 20.3 Dodging
 O Level 27 Shields
 - Level 8.0 Transmutations
 - Level 13.4 Earth Magic
 + Level 19.9 Invocations


You had 10 spell levels left.
You knew the following spells:

 Your Spells              Type           Power        Failure   Level  Hunger
a - Passwall              Tmut/Erth      ###.......   1%          2    ###....
b - Infusion              Chrm           #...         71%         1    ##.....
c - Shroud of Golubria    Chrm/Tloc      #.........   83%         2    ###....
d - Song of Slaying       Chrm           #.......     83%         2    ###....
e - Regeneration          Chrm/Necr      #.........   97%         3    ####...
f - Summon Butterflies    Summ           #.......     71%         1    ##.....
g - Lee's Rapid Deconstr  Erth           ####......   11%         5    ######.


Dungeon Overview and Level Annotations

Branches:
Dungeon (15/15)            Temple (1/1) D:4            Lair (6/6) D:9
 Shoals (4/4) Lair:4        Snake (4/4) Lair:3        Slime (5/5) Lair:6
    Orc (2/2) D:9             Elf (3/3) Orc:2        Vaults (5/5) D:13
  Crypt (3/3) Vaults:2       Tomb (2/3) Crypt:3      Depths (5/5) D:15
   Hell (1/1)                 Tar (7/7) Hell            Zot (4/5) Depths:5
    Dis: Hell:1         Geh: Hell:1         Coc: Hell:1

Altars:
Ashenzari
Cheibriados
Dithmenos
Elyvilon
Fedhas
Gozag
Hepliaklqana
Kikubaaqudgha
Makhleb
Nemelex Xobeh
Okawaru
Qazlal
Ru
Sif Muna
Trog
Uskayaw
Vehumet
Xom
Yredelemnul
Zin
The Shining One
Beogh

Shops:
D:4 [   D:10 ?(*   D:13 %   Orc:2 (=(*[   Elf:2 !   Shoals:1 *   Shoals:4 (%[[
Vaults:1 !   Vaults:2 [   Vaults:3 *   Depths:5 *

Portals:
Hell: Depths:1 Depths:2 Depths:3 Depths:4 Depths:5
Abyss: Depths:3 Depths:4
Pandemonium: Depths:3
Ziggurat: Depths:4
Trove: D:10 (give 5 potions of resistance)


Innate Abilities, Weirdness & Mutations

You are resistant to torment.
Your stone body is resilient. (AC +20)
You are immune to poison.
Your large and strong wings let you fly indefinitely.
You resist negative energy. (rN+)
You are resistant to electric shocks. (rElec)
You can survive without breathing.
You are immune to petrification.
You are immune to rotting.
You have sharp fingernails.
You are partially covered in iridescent scales. (AC +2)
You are partially covered in large bone plates. (SH +4)
You tend to lose your temper in combat.
Scrolls take you a little longer to read.
Your flesh is cold resistant. (rC+)
Armour fits poorly on your strangely shaped body.
You sometimes yell uncontrollably at your foes.


Message History

The stone giant throws a large rock.
You reflect the large rock off an invisible shield around you!
The large rock hits the stone giant!
The stone giant dies!
The large rock disappears in a puff of smoke!
The titan waves its arms in wide circles.
The air twists around and violently strikes you in flight!
The deep elf archer shoots an arrow.
Your daeva blocks the arrow.
The arrow disappears in a puff of smoke!
Unknown command.
The titan waves its arms in wide circles.
The air twists around and violently strikes you in flight!
* * * LOW HITPOINT WARNING * * *
The deep elf archer shoots an arrow.
Your daeva blocks the arrow.
The arrow disappears in a puff of smoke!
Unknown command.
Unknown command.
The titan waves its arms in wide circles.
The air twists around and violently strikes you in flight!
You die...

#################################
.................................
.................................
##################C..............
..........A..#|..CZ..............
.#####.#####.###)#n..............
.#...#A#...#A#.)@#.).............
.#.###.#.###.#.#.#A..)...........
...#...#.†.#.))#.#...............
.###.###A#A#####A#.............##
.#...#|#A#.A...#.#............###
.#.###.#.###A###e#...........####
.#.#.)...#A..#...#...........###.
##.#####)#.###.###..........###..
.).#...#.#.......#..........###..


You could see 2 titans, a deep elf archer and a friendly daeva.

Vanquished Creatures
  the Royal Jelly (Slime:5)
  Mara (Depths:3)
  The ghost of nataq the Axe Maniac, a legendary DsFi of Cheibriados (Tomb:2)
  6 ancient liches
  6 greater mummies
  Bai Suzhen (Shoals:2)
  Boris (Depths:5)
  A curse toe (Zot:1)
  Vashnia (Snake:3)
  Saint Roka (Depths:3)
  Margery (Crypt:2)
  Frederick (Vaults:3)
  A caustic shrike (Depths:4)
  3 golden dragons
  Jory (Depths:3)
  Geryon (Hell)
  6 bone dragons
  the Enchantress (Depths:5)
  25 Tzitzimimeh
  A Brimstone Fiend (Tar:1)
  5 doom hounds
  A hellephant (Depths:3)
  Jorgrun (Shoals:2)
  An electric golem (Zot:1)
  19 tentacled monstrosities
  Rupert (D:13)
  An Ice Fiend (Tar:7)
  10 liches
  5 deep elf blademasters
  23 acid blobs
  3 deep elf master archers
  9 quicksilver dragons
  15 titans
  Polyphemus (Shoals:3)
  Frances (D:14)
  6 ancient champions
  A kraken (Shoals:1)
  6 death cobs
  8 sphinxes
  17 shadow dragons
  A storm dragon (shapeshifter) (Depths:2)
  18 storm dragons
  Kirke (Lair:4)
  Donald (Elf:2)
  6 tengu reavers
  Roxanne (Snake:4)
  A fire giant (shapeshifter) (Depths:2)
  Ilsuiw (Shoals:4)
  3 draconian knights
  7 nagarajas
  9 draconian monks
  3 ghost moths
  18 frost giants
  17 azure jellies
  21 fire giants
  5 revenants
  8 deep elf sorcerers
  3 orc warlords
  The ghost of Andry07 the Warrior, an adept GrFi of Okawaru (Elf:3)
  5 draconian shifters
  Aizul (Snake:1)
  An iron dragon (Vaults:4)
  7 draconian scorchers
  5 curse skulls
  2 draconian stormcallers
  19 vault wardens
  5 war gargoyles
  8 ghouls
  11 spriggan defenders
  12 draconian annihilators
  12 deep elf elementalists
  11 large abominations
  20 reapers
  20 very ugly things
  26 ironheart preservers
  32 stone giants
  7 green draconians
  19 black draconians
  4 bennus (Tomb:1)
  12 deep elf demonologists
  9 vampire knights
  4 entropy weavers
  A dire elephant (Lair:6)
  15 purple draconians
  16 white draconians
  17 red draconians
  A spark wasp (shapeshifter) (Depths:2)
  12 deep elf annihilators
  10 yellow draconians
  Azrael (D:13)
  8 spark wasps
  13 deep elf death magi
  4 merfolk javelineers
  3 blizzard demons
  4 eidola
  2 quicksilver dragon zombies
  8 crystal guardians (Depths:2)
  13 merfolk impalers
  11 mummy priests
  18 ettins
  26 death oozes
  8 fire dragons
  8 jiangshi
  6 deep elf high priests
  13 great orbs of eyes
  27 ogre magi
  21 yaktaur captains
  Fannar (D:10)
  4 rakshasas
  An ice dragon (shapeshifter) (Depths:2)
  5 quicksilver dragon skeletons
  3 hydras (shapeshifter)
  30 vault guards
  The ghost of Nidhoragg the Blocker, a journeyman MiMo of Hepliaklqana (Lair:3)
  9 ice dragons
  16 naga warriors
  9 spriggan air magi
  Erolcha (D:13)
  2 ghost crabs
  A two-headed ogre (shapeshifter) (Depths:2)
  10 hydras
  3 merfolk avatars
  6 death knights
  A catoblepas (shapeshifter) (Depths:2)
  16 anacondas
  2 catoblepae
  8 merfolk aquamancers
  50 dancing weapons
  11 tengu warriors
  8 death yaks
  A queen ant (Lair:3)
  4 centaur warriors
  6 deep troll earth magi
  The ghost of Andry07 the Blocker, a journeyman GrFi of Okawaru (IceCv)
  2 alligator snapping turtles (Shoals:4)
  7 death scarabs
  64 two-headed ogres
  2 orc high priests
  9 vampire magi
  8 deep troll shamans
  20 naga sharpshooters
  2 hell hogs (Depths:1)
  10 shock serpents
  A titan zombie (Crypt:3)
  7 spriggan berserkers
  41 deep elf knights
  14 soul eaters
  Sonja (Lair:2)
  4 sun demons (Depths:3)
  2 storm dragon zombies
  5 spriggans
  9 small abominations
  2 titan skeletons
  5 iron trolls
  4 salamander mystics
  8 shadow wraiths
  90 skeletal warriors
  15 sea snakes
  8 flayed ghosts
  An iron troll (shapeshifter) (Depths:2)
  A sea snake (shapeshifter) (Vaults:5)
  4 golden dragon zombies
  16 hell knights
  7 shadow demons
  14 unseen horrors
  2 glowing orange brains (Depths:2)
  A death drake (Tar:7)
  A shadow dragon zombie (Crypt:3)
  An anaconda zombie (Crypt:1)
  A ghost moth zombie (Tar:7)
  4 wizards
  21 deep trolls
  A glowing orange brain (shapeshifter) (Depths:2)
  5 obsidian statues
  13 naga ritualists
  27 deep elf archers
  An anaconda skeleton (Tar:3)
  The ghost of LittCuttar the Cleaver, a novice MiFi (D:6)
  13 phantasmal warriors
  22 harpies
  12 necromancers
  A wolf spider zombie (D:15)
  A harpy (shapeshifter) (Vaults:5)
  A wolf spider (shapeshifter) (Depths:2)
  2 fire giant zombies
  An iron dragon zombie (Tomb:2)
  14 ironbrand convokers
  A lindwurm (Lair:6)
  6 fauns
  19 orc knights
  5 orc sorcerers
  4 wolf spiders
  2 frost giant zombies
  8 mana vipers
  15 manticores
  95 deep elf magi
  53 ugly things
  A mana viper (shapeshifter) (Depths:2)
  5 oklob plants
  5 cyclopes
  An iron dragon skeleton (Tar:4)
  A moth of wrath (shapeshifter) (Depths:2)
  3 stone giant zombies
  A shining eye (shapeshifter) (Depths:2)
  A shock serpent zombie (Crypt:3)
  5 shining eyes
  13 moths of wrath
  2 frost giant skeletons
  5 stone giant skeletons
  7 elephants
  4 merfolk sirens
  11 vault sentinels
  17 salamanders
  2 human skeletons
  2 centaur zombies
  15 guardian serpents
  2 rust devils
  An eye of devastation (shapeshifter) (Vaults:4)
  2 fire giant skeletons (Tar:2)
  7 water nymphs
  A dire elephant zombie (Tar:5)
  9 gargoyles
  Maurice (D:9)
  A torpor snail (Lair:5)
  A torpor snail (shapeshifter) (Depths:3)
  3 molten gargoyles (Depths:2)
  25 naga magi
  14 spiny frogs
  3 eyes of devastation
  2 dire elephant skeletons
  37 black mambas
  A spiny frog (shapeshifter) (Vaults:2)
  An ice statue (IceCv)
  3 smoke demons (Crypt:3)
  A shock serpent skeleton (Tar:7)
  5 hellions
  6 rime drakes
  An elf skeleton (Depths:3)
  7 komodo dragons
  A yaktaur skeleton (Vaults:4)
  48 yaktaurs
  6 tormentors
  14 freezing wraiths
  17 guardian mummies
  2 harpy zombies
  2 catoblepas skeletons
  3 ice devils
  2 silent spectres (Tar:7)
  5 tengu conjurers
  6 red devils
  A hydra zombie (Tar:3)
  A minotaur zombie (Crypt:3)
  A meliai (shapeshifter) (Vaults:2)
  A queen bee (shapeshifter) (Vaults:5)
  11 trolls
  3 meliai (D:14)
  A sea snake skeleton (Crypt:2)
  2 wind drakes (shapeshifter)
  6 hornets
  23 polar bears
  Prince Ribbit (D:9)
  A jumping spider (shapeshifter) (Depths:2)
  The ghost of irongrip the Skirmisher, an amateur DsAK of Lugonu (D:4)
  An iron troll skeleton (Crypt:1)
  A tengu simulacrum (Vaults:1)
  36 merfolk
  4 tyrant leeches (Depths:1)
  3 bog bodies (Crypt:1)
  11 wind drakes
  A hornet (shapeshifter) (Vaults:3)
  A sphinx simulacrum (Vaults:3)
  2 spriggan zombies (Depths:1)
  2 hydra skeletons
  A stone giant simulacrum (Crypt:1)
  5 blink frogs (Lair:1)
  10 snapping turtles
  An alligator zombie (Crypt:2)
  A fire dragon zombie (Tar:7)
  99 slime creatures
  10 hippogriffs
  A hippogriff (shapeshifter) (Vaults:5)
  2 human simulacra
  An ice dragon zombie (Tomb:2)
  4 dream sheep
  13 air elementals
  A tarantella (Vaults:5)
  3 ettin zombies
  3 fire dragon skeletons (Tar:7)
  5 redbacks
  32 flying skulls
  A redback (shapeshifter) (Depths:2)
  3 ushabtiu
  2 alligator skeletons
  A tarantella (shapeshifter) (Depths:4)
  An ice dragon skeleton (Depths:1)
  45 yaks
  3 ettin skeletons
  20 wraiths
  6 vampires
  2 hogs (Lair:4)
  4 wyverns
  15 shadows
  5 basilisks
  9 golden eyes (Slime:3)
  27 water elementals
  14 fire elementals
  A golden eye (shapeshifter) (Vaults:5)
  2 chaos spawn (Depths:2)
  10 hungry ghosts
  A hog (shapeshifter) (Depths:1)
  A yaktaur simulacrum (Vaults:1)
  A wind drake skeleton (Crypt:2)
  A spriggan simulacrum (Depths:1)
  9 wargs
  An ogre zombie (Vaults:1)
  4 vampire mosquitoes (D:14)
  3 insubstantial wisps (Depths:2)
  62 nagas
  17 water moccasins
  A two-headed ogre skeleton (Crypt:1)
  6 acid dragons
  22 soldier ants
  2 floating eyes (shapeshifter)
  2 floating eyes
  31 hell hounds
  A water moccasin (shapeshifter) (Elf:1)
  An infernal demonspawn skeleton (Tar:4)
  5 porcupines
  A porcupine (shapeshifter) (Vaults:2)
  4 ice beasts
  A monstrous demonspawn skeleton (Crypt:3)
  A spiny frog zombie (Tar:7)
  2 spiny frog skeletons
  55 orc warriors
  3 eyes of draining
  2 sky beasts
  A hornet zombie (Crypt:2)
  2 swamp dragon zombies
  2 black bears
  9 phantoms
  2 snapping turtle zombies
  An orc zombie (Vaults:1)
  30 necrophages
  62 ogres
  13 boggarts
  A human zombie (Vaults:4)
  27 wolves
  11 centaurs
  15 crocodiles
  A snapping turtle skeleton (Crypt:2)
  A salamander zombie (Crypt:1)
  27 bullfrogs
  4 big kobolds
  20 earth elementals
  A wyvern zombie (D:13)
  2 wyvern skeletons
  A killer bee (shapeshifter) (Depths:2)
  3 scorpions
  13 killer bees
  21 wights
  A raiju skeleton (Crypt:1)
  5 howler monkeys
  2 spriggan skeletons
  2 electric eels
  A wolf zombie (Crypt:2)
  9 crimson imps
  A quasit (D:13)
  6 bullfrog zombies
  17 orc priests
  5 hounds
  10 jellies
  3 bullfrog skeletons
  A centaur skeleton (D:4)
  An iron imp (Depths:5)
  3 iguanas
  A black bear skeleton (Crypt:2)
  41 orc wizards
  6 hell rats
  34 worker ants
  A naga zombie (Tar:7)
  2 bullfrog simulacra (D:9)
  A tengu skeleton (Crypt:1)
  32 mummies
  2 hound skeletons (D:9)
  A howler monkey zombie (Crypt:2)
  2 howler monkey skeletons
  12 adders
  9 gnolls
  2 hound simulacra (D:8)
  14 shadow imps
  2 white imps (D:9)
  2 worker ant simulacra
  3 ufetubi
  4 oozes
  An adder zombie (D:8)
  2 adder skeletons
  A worm (D:3)
  2 dart slugs
  5 leopard geckos
  122 orcs
  3 ball pythons
  8 giant cockroaches
  15 goblins
  12 hobgoblins
  13 jackals
  10 quokkas
  A ball python skeleton (D:4)
  13 bats
  6 frilled lizards
  10 kobolds
  A leopard gecko skeleton (D:6)
  8 rats
  5 crawling corpses
  2 fungi
  8 plants
  A tentacle (Shoals:1)
  A withered plant (Crypt:3)
3602 creatures vanquished.

Vanquished Creatures (collateral kills)
  Ereshkigal (Tar:7)
  5 bone dragons (Tar:7)
  A doom hound (Tar:7)
  7 Tzitzimimeh (Tar:7)
  A deep elf blademaster (Tar:7)
  A shadow dragon (Tar:7)
  A fire giant (Tar:7)
  2 reapers (Tar:7)
  A stone giant (Tar:7)
  An eidolon (Tar:7)
  A sun demon (Tar:7)
  A hell knight (Tar:7)
  3 soul eaters (Tar:7)
  6 skeletal warriors (Tar:7)
  2 shadow wraiths (Tar:7)
  A death drake (Tar:7)
  A shadow demon (Tar:7)
  An iron dragon zombie (Tar:7)
  A stone giant skeleton (Tar:7)
  A hellion (Tar:7)
  A freezing wraith (Tar:7)
  A tormentor (Tar:7)
  An alligator skeleton (Tar:7)
  2 shadows (Tar:7)
  2 flying skulls (Tar:7)
  A hungry ghost (Tar:7)
  A phantom (Tar:7)
  A shadow imp (Tar:7)
49 creatures vanquished.

Vanquished Creatures (others)
  A lich (Tomb:2)
  2 deep elf master archers
  An eldritch tentacle (Tomb:2)
  A fire giant (Depths:1)
  A war gargoyle (Depths:2)
  8 stone giants
  A spark wasp (Depths:5)
  2 merfolk javelineers
  Snorg (Lair:6)
  2 yaktaur captains
  2 satyrs
  A dancing weapon (Vaults:5)
  3 centaur warriors
  3 death yaks (Lair:6)
  23 death scarabs
  A deep troll earth mage (Depths:5)
  4 naga sharpshooters
  6 deep elf archers
  A naga ritualist (Snake:4)
  2 deep elf magi
  A wolf spider zombie (Tomb:2)
  3 fauns
  2 cyclopes
  A moth of wrath (Zot:4)
  A hellion (Tar:5)
  14 yaktaurs
  A merfolk (Shoals:4)
  A dream sheep (Shoals:2)
  A flying skull (Hell)
  A yak (Lair:6)
  A water elemental (Depths:5)
  A human (Lair:4)
  A naga (Snake:3)
  A necrophage (Tar:5)
  An ogre (Vaults:4)
  3 centaurs
  An orc wizard (D:6)
  A hell rat (Hell)
  A tengu skeleton (Tomb:2)
  A mummy (Tomb:2)
  2 shadow imps
  9 ball lightnings (Depths:2)
  A crawling corpse (Elf:3)
  16 fungi
  82 plants
  4 tentacles (Shoals:1)
  18 withered plants
236 creatures vanquished.

Grand Total: 3887 creatures vanquished

Notes
Turn   | Place    | Note
-------+----------+-------------------------------------------
     0 | D:1      | Andry07 the Gargoyle Fighter began the quest for the Orb.
     0 | D:1      | Reached XP level 1. HP: 14/14 MP: 1/1
    32 | D:1      | Reached XP level 2. HP: 17/20 MP: 2/2
   346 | D:1      | Found a shimmering altar of Xom.
   348 | D:1      | Found a glowing golden altar of the Shining One.
   348 | D:1      | Found a glowing silver altar of Zin.
   350 | D:1      | Found a hazy altar of Hepliaklqana.
   350 | D:1      | Found an opulent altar of Gozag.
   350 | D:1      | Found a white marble altar of Elyvilon.
   403 | D:1      | Reached XP level 3. HP: 18/24 MP: 3/3
  1062 | D:2      | Reached XP level 4. HP: 30/30 MP: 4/4
  1603 | D:4      | Noticed a phantom
  1650 | D:4      | Reached skill level 5 in Fighting
  1905 | D:4      | Found a staircase to the Ecumenical Temple.
  1921 | D:4      | Reached XP level 5. HP: 31/35 MP: 5/5
  1927 | Temple   | Entered the Ecumenical Temple
  2073 | D:4      | Noticed irongrip's ghost (amateur DsAK)
  2112 | D:4      | Killed irongrip's ghost
  2112 | D:4      | Reached XP level 6. HP: 24/41 MP: 6/6
  2262 | D:4      | Killed a phantom
  2262 | D:4      | Reached skill level 5 in Armour
  2262 | D:4      | Reached XP level 7. HP: 17/47 MP: 5/7
  2953 | D:4      | Found Lerchozok's Antique Armour Emporium.
  3204 | D:3      | Found an iron altar of Okawaru.
  3230 | D:3      | Became a worshipper of Warmaster Okawaru
  3653 | D:5      | Entered Level 5 of the Dungeon
  3666 | D:5      | Got an iridescent trident
  3667 | D:5      | Identified the +6 trident of Ashenzari's Approval {pierce, rC- rN++ Int+9} (You found it on level 5 of the Dungeon)
  3752 | D:5      | Reached XP level 8. HP: 54/54 MP: 8/8
  3761 | D:5      | Gained mutation: You possess an exceptional clarity of mind. [mutagenic meat]
  3762 | D:5      | Gained mutation: You have a pair of small horns on your head. [mutagenic meat]
  3763 | D:5      | Gained mutation: You are agile. (Dex +2) [mutagenic meat]
  3764 | D:5      | Gained mutation: You are occasionally teleported next to monsters. [mutagenic meat]
  3765 | D:5      | Lost mutation: You possess an exceptional clarity of mind. [mutagenic meat]
  4077 | D:5      | Reached * piety under Okawaru
  4241 | D:5      | Reached skill level 15 in Fighting
  4241 | D:5      | Reached XP level 9. HP: 70/71 MP: 9/9
  4647 | D:6      | Reached ** piety under Okawaru
  4689 | D:6      | Reached XP level 10. HP: 31/76 MP: 3/10
  4691 | D:6      | HP: 3/76 [orc warrior/scimitar of holy wrath (16)]
  5047 | D:6      | Got an iridescent mace
  5048 | D:6      | Identified the cursed +0 mace "Hiolud" {crush, Int+4 Dex+2} (You found it on level 6 of the Dungeon)
  5095 | D:6      | Found a deep blue altar of Sif Muna.
  5251 | D:6      | Reached skill level 5 in Shields
  5376 | D:6      | Noticed LittCuttar's ghost (novice MiFi)
  5394 | D:6      | Killed LittCuttar's ghost
  5999 | D:7      | Reached *** piety under Okawaru
  6095 | D:7      | Found a blossoming altar of Fedhas.
  6105 | D:7      | Lost mutation: You have a pair of small horns on your head. [potion of mutation]
  6105 | D:7      | Lost mutation: You are agile. (Dex +2) [potion of mutation]
  6105 | D:7      | Lost mutation: You are occasionally teleported next to monsters. [potion of mutation]
  6105 | D:7      | Gained mutation: You are covered in fur. (AC +1) [potion of mutation]
  6105 | D:7      | Gained mutation: You are partially covered in molten scales. (AC +2) [potion of mutation]
  6105 | D:7      | Gained mutation: You are resistant to hostile enchantments. (MR+) [potion of mutation]
  6106 | D:7      | Lost mutation: You are partially covered in molten scales. (AC +2) [potion of mutation]
  6106 | D:7      | Lost mutation: You are covered in fur. (AC +1) [potion of mutation]
  6106 | D:7      | Lost mutation: You are resistant to hostile enchantments. (MR+) [potion of mutation]
  6106 | D:7      | Gained mutation: You evolve. [potion of mutation]
  6106 | D:7      | Gained mutation: Your muscles are strong. (Str +2) [potion of mutation]
  6106 | D:7      | Gained mutation: Your flesh is cold resistant. (rC+) [potion of mutation]
  6542 | D:7      | Killed an unseen horror
  7075 | D:8      | Got an ancient mace
  7076 | D:8      | Identified the +7 mace "Spiderslayer" {venom, MR+ Dex+4} (You found it on level 8 of the Dungeon)
  7186 | D:8      | Found a sacrificial altar of Ru.
  7424 | D:9      | Found a radiant altar of Vehumet.
  7432 | D:9      | Noticed a two-headed ogre
  7548 | D:9      | Killed a two-headed ogre
  7548 | D:9      | Reached **** piety under Okawaru
  7548 | D:9      | Reached skill level 5 in Maces & Flails
  7548 | D:9      | Reached XP level 11. HP: 81/81 MP: 8/11
  7795 | D:9      | Noticed Maurice
  7826 | D:9      | Killed Maurice
  7854 | D:9      | Noticed Prince Ribbit
  8237 | D:9      | Noticed a two-headed ogre
  8246 | D:9      | Killed a two-headed ogre
  8351 | D:9      | Killed Prince Ribbit
  8351 | D:9      | Reached ***** piety under Okawaru
  8351 | D:9      | Reached skill level 10 in Armour
  8397 | D:9      | Found a staircase to the Lair.
  8428 | D:9      | Found a shadowy altar of Dithmenos.
  9009 | D:9      | Found a staircase to the Orcish Mines.
  9122 | D:10     | Entered Level 10 of the Dungeon
  9251 | D:10     | Found Emmy's Assorted Antiques.
  9252 | D:10     | Found a bloodstained altar of Trog.
  9252 | D:10     | Noticed a white ugly thing
  9286 | D:10     | Killed a white ugly thing
  9558 | D:10     | Noticed a two-headed ogre
  9564 | D:10     | Killed a two-headed ogre
  9589 | D:10     | Noticed Fannar
  9609 | D:10     | Killed Fannar
  9609 | D:10     | Received a gift from Okawaru
  9615 | D:10     | Got a spiked plate armour {god gift}
  9626 | D:10     | Identified the +5 plate armour of the Volcano {*Contam rCorr Dex+6 Slay+6} (Okawaru gifted it to you on level 10 of the Dungeon)
  9835 | D:10     | Found Car Xush's Weapon Boutique.
  9854 | D:10     | Found Nefemequahy's Magic Scroll Emporium.
  9866 | D:10     | Bought a scroll of teleportation for 36 gold pieces
  9866 | D:10     | Bought a scroll of magic mapping for 42 gold pieces
  9866 | D:10     | Bought a scroll of identify for 24 gold pieces
  9866 | D:10     | Bought a scroll of fog for 24 gold pieces
 10026 | D:10     | Bought a scroll of identify for 60 gold pieces
 10163 | D:10     | Found a portal to a secret trove of treasure.
 10484 | D:11     | Noticed a two-headed ogre
 10491 | D:11     | Killed a two-headed ogre
 10491 | D:11     | Reached XP level 12. HP: 76/87 MP: 9/12
 11034 | Lair:1   | Entered Level 1 of the Lair of Beasts
 11356 | Lair:1   | Reached skill level 10 in Maces & Flails
 11585 | Lair:2   | Noticed Sonja
 12163 | Lair:2   | Killed Sonja
 12163 | Lair:2   | Received a gift from Okawaru
 12642 | Lair:3   | Noticed Nidhoragg's ghost (journeyman MiMo)
 12672 | Lair:3   | Killed Nidhoragg's ghost
 12761 | Lair:3   | Noticed an eight-headed hydra
 12768 | Lair:3   | Killed an eight-headed hydra
 12849 | Lair:3   | Found a staircase to the Snake Pit.
 12869 | Lair:3   | Reached XP level 13. HP: 92/92 MP: 11/13
 12955 | Lair:3   | Found a frozen archway.
 13040 | Lair:3   | Found an ancient bone altar of Kikubaaqudgha.
 13652 | Lair:4   | Noticed an entropy weaver
 13682 | Lair:3   | Reached skill level 1 in Invocations
 13707 | Lair:4   | Received a gift from Okawaru
 13764 | Lair:4   | Killed an entropy weaver
 13789 | Lair:4   | Reached skill level 5 in Invocations
 13823 | Lair:4   | Noticed an entropy weaver
 13832 | Lair:4   | Killed an entropy weaver
 14126 | Lair:4   | Noticed Kirke
 14145 | Lair:4   | Killed Kirke
 14145 | Lair:4   | Received a gift from Okawaru
 14235 | Lair:4   | Found a staircase to the Shoals.
 14442 | Lair:4   | Reached ****** piety under Okawaru
 14442 | Lair:4   | Received a gift from Okawaru
 14726 | Lair:5   | Gained mutation: Your large and strong wings let you fly indefinitely. [Gargoyle growth]
 14726 | Lair:5   | Reached XP level 14. HP: 75/98 MP: 18/20
 15464 | Lair:5   | Reached skill level 10 in Shields
 15492 | Lair:6   | Entered Level 6 of the Lair of Beasts
 15530 | Lair:6   | Killed Snorg
 15748 | Lair:6   | Found a frozen archway.
 15765 | IceCv    | Entered an ice cave
 16019 | IceCv    | Noticed Andry07's ghost (journeyman GrFi)
 16033 | IceCv    | Killed Andry07's ghost
 16099 | IceCv    | Received a gift from Okawaru
 16208 | IceCv    | Noticed a frost giant
 16234 | IceCv    | Killed a frost giant
 17001 | Lair:6   | Found a staircase to the Slime Pits.
 17259 | Lair:6   | Reached XP level 15. HP: 104/104 MP: 19/21
 17632 | Lair:6   | Received a gift from Okawaru
 17874 | Snake:1  | Entered Level 1 of the Snake Pit
 18072 | Snake:1  | Noticed Aizul
 18094 | Snake:1  | Killed Aizul
 18094 | Snake:1  | Received a gift from Okawaru
 18931 | Snake:2  | Lost mutation: You evolve. [evolution]
 19195 | Snake:2  | Noticed a nagaraja
 19210 | Snake:2  | Killed a nagaraja
 20455 | Snake:2  | You are sucked into a shaft!
 20462 | Snake:3  | Reached XP level 16. HP: 83/113 MP: 22/22
 20698 | Snake:3  | Noticed Vashnia
 20721 | Snake:3  | Killed Vashnia
 20735 | Snake:3  | Received a gift from Okawaru
 21927 | Snake:4  | Entered Level 4 of the Snake Pit
 22132 | Snake:4  | Received a gift from Okawaru
 22565 | Snake:4  | Noticed a nagaraja
 22577 | Snake:4  | Killed a nagaraja
 22693 | Snake:4  | Noticed Roxanne
 22932 | Snake:4  | Received a gift from Okawaru
 22962 | Snake:4  | Noticed a nagaraja
 22994 | Snake:4  | Killed a nagaraja
 22994 | Snake:4  | Reached skill level 15 in Shields
 22994 | Snake:4  | Reached XP level 17. HP: 80/120 MP: 23/23
 23760 | Snake:3  | Got a twisted hand axe {god gift}
 23761 | Snake:3  | Identified the +1 hand axe "Noluxar" {chop, Str+3 Dex+4} (Okawaru gifted it to you on level 3 of the Snake Pit)
 24136 | Snake:4  | Received a gift from Okawaru
 24875 | Snake:4  | Got a serpentine rune of Zot
 25098 | Snake:4  | Killed Roxanne
 25117 | Snake:4  | Learned a level 2 spell: Passwall
 25723 | Shoals:1 | Entered Level 1 of the Shoals
 25785 | Shoals:1 | Reached XP level 18. HP: 98/129 MP: 18/24
 25801 | Shoals:1 | Received a gift from Okawaru
 26480 | Shoals:1 | Found a runed door.
 26569 | Shoals:1 | Found Pyt Lixt's General Store.
 27093 | Shoals:1 | Identified the Almanac of Duck's Teeth
 27284 | Shoals:2 | Noticed Jorgrun
 27309 | Shoals:2 | Killed Jorgrun
 28718 | Shoals:3 | Noticed Polyphemus
 28739 | Shoals:2 | Received a gift from Okawaru
 28903 | Shoals:3 | Noticed Bai Suzhen
 28951 | Shoals:3 | Killed Polyphemus
 28971 | Shoals:2 | Killed Bai Suzhen
 29009 | Shoals:2 | Gained mutation: You have supernaturally acute eyesight. (SInv) [mutagenic glow]
 29635 | Shoals:4 | Entered Level 4 of the Shoals
 29663 | Shoals:4 | Found Recuab's Antique Armour Shoppe.
 29883 | Shoals:4 | Found Oniele's Weapon Boutique.
 29909 | Shoals:4 | Found Xikkyeno's Antique Armour Emporium.
 29910 | Shoals:4 | Found Zahaucs's Antique Armour Shop.
 29966 | Shoals:4 | Noticed Ilsuiw
 29980 | Shoals:4 | Received a gift from Okawaru
 30025 | Shoals:4 | Killed Ilsuiw
 30085 | Shoals:4 | Found Tase's Food Boutique.
 30115 | Shoals:4 | Reached XP level 19. HP: 79/136 MP: 18/25
 30575 | Shoals:4 | Got a pair of scorched gloves
 30586 | Shoals:4 | Identified the cursed -3 pair of gloves of the Game Afoot {rN+ MP+9 Str+3} (You found it on level 4 of the Shoals)
 30610 | Shoals:4 | Received a gift from Okawaru
 31344 | Shoals:4 | Got a barnacled rune of Zot
 31542 | Orc:1    | Entered Level 1 of the Orcish Mines
 31698 | Orc:2    | Entered Level 2 of the Orcish Mines
 31701 | Orc:2    | Found a staircase to the Elven Halls.
 31769 | Orc:2    | Found Kilo's Antique Weapon Shop.
 31781 | Orc:2    | Found Lyzxit's Weapon Shop.
 31833 | Orc:2    | Found Dyubiqee's General Store.
 32177 | Orc:2    | Received a gift from Okawaru
 32290 | Orc:2    | Found Anwiag's Jewellery Shoppe.
 32350 | Orc:2    | Bought a +4 ring of evasion for 612 gold pieces
 32376 | Orc:2    | Found Cahawex's Antique Armour Boutique.
 32838 | Orc:2    | Got a bloodstained troll leather armour {god gift}
 33085 | Orc:1    | Found a roughly hewn altar of Beogh.
 33370 | Elf:1    | Entered Level 1 of the Elven Halls
 33806 | Elf:1    | Identified Zaweptih's Tome of Arcane Weapons
 33893 | Elf:1    | Gained mutation: You are occasionally teleported next to monsters. [a neqoxec]
 33897 | Elf:1    | Lost mutation: You have supernaturally acute eyesight. (SInv) [a neqoxec]
 34597 | Elf:2    | Reached skill level 5 in Earth Magic
 34597 | Elf:2    | Reached XP level 20. HP: 124/144 MP: 26/26
 34685 | Elf:2    | Reached XP level 21. HP: 103/149 MP: 20/27
 35009 | Elf:2    | Found a runed gate.
 35009 | Elf:2    | Found a runed gate.
 35009 | Elf:2    | Found a runed gate.
 35023 | Elf:2    | Received a gift from Okawaru
 35155 | Elf:2    | Noticed Donald
 35197 | Elf:2    | Killed Donald
 35694 | Elf:2    | Found Wuseluergh's Distillery.
 35750 | Elf:2    | Bought a potion of heal wounds for 70 gold pieces
 35750 | Elf:2    | Bought a potion of heal wounds for 70 gold pieces
 36295 | Elf:3    | Entered Level 3 of the Elven Halls
 36295 | Elf:3    | Noticed Andry07's ghost (adept GrFi)
 36324 | Elf:3    | Killed Andry07's ghost
 36650 | Elf:3    | Received a gift from Okawaru
 37464 | Elf:3    | Got a sapphire flail {venom}
 37465 | Elf:3    | Identified the cursed +2 flail of Light {venom, rPois Int+3} (You took it off a deep elf demonologist on level 3 of the Elven Halls)
 37573 | Elf:3    | Reached XP level 22. HP: 158/158 MP: 28/28
 38125 | Elf:3    | Got a twisted short sword
 38126 | Elf:3    | Identified the +10 short sword of Forced Transition {flame, rElec Str+2 Dex+3} (You found it on level 3 of the Elven Halls)
 38254 | Elf:3    | Identified the Tome of the Nocuous Birds
 38282 | Elf:3    | Learned a level 1 spell: Infusion
 38285 | Elf:3    | Learned a level 2 spell: Shroud of Golubria
 38288 | Elf:3    | Learned a level 2 spell: Song of Slaying
 38292 | Elf:3    | Learned a level 3 spell: Regeneration
 38701 | Slime:1  | Entered Level 1 of the Pits of Slime
 39224 | Slime:2  | Gained mutation: Your spells are a little easier to cast, but a little less powerful. [a shining eye]
 39759 | Slime:2  | Lost mutation: Your muscles are strong. (Str +2) [a shining eye]
 40652 | Slime:3  | Paralysed by a floating eye for 3 turns
 41088 | Slime:3  | Received a gift from Okawaru
 41724 | Slime:3  | Gained mutation: You tend to lose your temper in combat. [a shining eye]
 42469 | Elf:1    | Lost mutation: You are occasionally teleported next to monsters. [potion of mutation]
 42469 | Elf:1    | Lost mutation: You tend to lose your temper in combat. [potion of mutation]
 42469 | Elf:1    | Gained mutation: Your body sometimes deteriorates upon taking damage. [potion of mutation]
 42469 | Elf:1    | Gained mutation: You have a pair of small horns on your head. [potion of mutation]
 42469 | Elf:1    | Gained mutation: Your mind is acute. (Int +2) [potion of mutation]
 42718 | Snake:4  | Lost mutation: Your flesh is cold resistant. (rC+) [potion of mutation]
 42718 | Snake:4  | Lost mutation: Your spells are a little easier to cast, but a little less powerful. [potion of mutation]
 42718 | Snake:4  | Gained mutation: Your spells are a little easier to cast, but a little less powerful. [potion of mutation]
 42718 | Snake:4  | Gained mutation: You are robust. (+10% HP) [potion of mutation]
 42718 | Snake:4  | Gained mutation: You are partially covered in icy blue scales. (AC +2) [potion of mutation]
 42719 | Snake:4  | Lost mutation: Your spells are a little easier to cast, but a little less powerful. [potion of mutation]
 42719 | Snake:4  | Lost mutation: Your body sometimes deteriorates upon taking damage. [potion of mutation]
 42719 | Snake:4  | Lost mutation: You have a pair of small horns on your head. [potion of mutation]
 42719 | Snake:4  | Lost mutation: You are partially covered in icy blue scales. (AC +2) [potion of mutation]
 42719 | Snake:4  | Gained mutation: You are covered in fur. (AC +1) [potion of mutation]
 42719 | Snake:4  | Lost mutation: Your mind is acute. (Int +2) [potion of mutation]
 42719 | Snake:4  | Gained mutation: You have a pair of small horns on your head. [potion of mutation]
 43503 | Slime:5  | Entered Level 5 of the Pits of Slime
 43680 | Slime:5  | Reached skill level 15 in Armour
 43781 | Slime:5  | Noticed the Royal Jelly
 44674 | Slime:5  | Killed the Royal Jelly
 45171 | Slime:5  | Identified the Handbook of the Glacier
 45258 | Slime:5  | Got a warped glass ring
 45260 | Slime:5  | Identified the ring "Botzar" {+Blink rElec rF++ EV+1 Dex-3} (You found it on level 5 of the Pits of Slime)
 45273 | Slime:5  | Got a slimy rune of Zot
 45286 | Slime:5  | Got an encrusted morningstar
 45288 | Slime:5  | Identified the cursed +3 morningstar of Recs {chaos, *Rage rC+ Dex+6} (You found it on level 5 of the Pits of Slime)
 45293 | Slime:5  | Got a transparent mace
 45295 | Slime:5  | Identified the +12 mace of Kochevy {vamp, rElec Stlth+} (You found it on level 5 of the Pits of Slime)
 45305 | Slime:5  | Identified Obbah's Incunabulum of Transmigration and the Escort
 45322 | Slime:5  | Got a faintly glowing copper ring
 45323 | Slime:5  | Identified the ring of Royalty {MP+9 Int+2} (You found it on level 5 of the Pits of Slime)
 45360 | Slime:5  | Got an ancient hand axe
 45363 | Slime:5  | Got a faintly glowing hand axe
 45364 | Slime:5  | Identified the cursed +1 hand axe "Dyri" {freeze, Int+4 Dex+5} (You found it on level 5 of the Pits of Slime)
 45370 | Slime:5  | Identified the cursed +2 hand axe "Ulebyef" {flame, Str+4 Stlth+} (You found it on level 5 of the Pits of Slime)
 46042 | D:12     | Reached XP level 23. HP: 179/179 MP: 29/29
 46185 | D:12     | Found a flagged portal.
 46197 | Bailey   | Entered a bailey
 46220 | Bailey   | Reached skill level 1 in Dodging
 46825 | D:13     | Noticed Azrael
 46839 | D:13     | Killed Azrael
 47003 | D:13     | Noticed Erolcha
 47012 | D:13     | Received a gift from Okawaru
 47031 | D:13     | Killed Erolcha
 47046 | D:13     | Found a gate to the Vaults.
 47074 | D:13     | Found Caryq's Food Emporium.
 47247 | D:13     | Reached skill level 5 in Dodging
 47462 | D:13     | Noticed Rupert
 47463 | D:13     | Paralysed by Rupert for 7 turns
 47476 | D:13     | Killed Rupert
 47654 | Vaults:1 | Entered Level 1 of the Vaults
 47713 | Vaults:1 | Found Zaonur's Distillery.
 47720 | Vaults:1 | Bought a potion of haste for 130 gold pieces
 47720 | Vaults:1 | Bought a potion of heal wounds for 65 gold pieces
 47720 | Vaults:1 | Bought 2 potions of heal wounds for 130 gold pieces
 47965 | Vaults:1 | Got a pair of smoking gloves
 47971 | Vaults:1 | Identified the +4 pair of gloves of the Arcane {*Slow MR+++ Int+3 Dex-5} (You found it on level 1 of the Vaults)
 48076 | Vaults:1 | Found a radiant altar of Vehumet.
 48129 | Vaults:1 | Learned a level 1 spell: Summon Butterflies
 48475 | Vaults:1 | Received a gift from Okawaru
 49235 | Vaults:2 | Found a staircase to the Crypt.
 49294 | Vaults:2 | Reached skill level 10 in Dodging
 49429 | Vaults:2 | Identified the Tome of Scorching Aid
 49518 | Vaults:2 | Found Xifibanu's Antique Armour Boutique.
 49562 | Vaults:2 | Bought a pair of distressingly furry boots for 465 gold pieces
 49574 | Vaults:2 | Identified the +0 pair of boots "Sasoegir" {rElec MR+ Regen+} (You bought it in a shop on level 2 of the Vaults)
 50272 | Vaults:3 | Reached XP level 24. HP: 185/185 MP: 29/29
 50358 | Vaults:3 | Received a gift from Okawaru
 50389 | Vaults:3 | Found Soker's Assorted Antiques.
 50436 | Vaults:3 | Bought a scroll labeled PATUON DYUL for 28 gold pieces
 51142 | Vaults:3 | Noticed Frederick
 51154 | Vaults:3 | Killed Frederick
 51643 | Vaults:4 | Received a gift from Okawaru
 51652 | Vaults:4 | Got a jewelled hat {god gift}
 51671 | Vaults:4 | Identified the +0 hat of Daimamer {MP+9} (Okawaru gifted it to you on level 4 of the Vaults)
 52640 | Vaults:4 | Reached skill level 15 in Dodging
 52642 | Vaults:4 | Reached XP level 25. HP: 192/192 MP: 29/29
 52961 | Vaults:4 | Received a gift from Okawaru
 53065 | Vaults:5 | Entered Level 5 of the Vaults
 53731 | Vaults:5 | Noticed an ancient lich
 53745 | Vaults:5 | Received a gift from Okawaru
 53750 | Vaults:5 | Killed an ancient lich
 53892 | Vaults:5 | Got an uncursed bloodstained halberd {freeze}
 53907 | Vaults:5 | Identified the +3 halberd "Huijuf" {freeze, rPois Str+3} (You took it off a yaktaur on level 5 of the Vaults)
 54159 | Vaults:5 | Reached XP level 26. HP: 173/198 MP: 27/29
 54510 | Vaults:5 | Noticed an ancient lich
 54528 | Vaults:5 | Killed an ancient lich
 54528 | Vaults:5 | Received a gift from Okawaru
 55239 | Vaults:5 | Noticed an ancient lich
 55251 | Vaults:5 | Killed an ancient lich
 55284 | Vaults:5 | Got a silver rune of Zot
 55734 | Orc:2    | Bought glowing pearl dragon scales for 3879 gold pieces
 55748 | Orc:2    | Gained mutation: Potions are less effective at restoring your health. [mutagenic glow]
 56332 | Crypt:1  | Entered Level 1 of the Crypt
 56368 | Crypt:1  | Received a gift from Okawaru
 57264 | Crypt:2  | Noticed an ancient lich
 57284 | Crypt:2  | Killed an ancient lich
 57284 | Crypt:2  | Reached XP level 27. HP: 182/204 MP: 29/29
 57690 | Crypt:2  | Noticed Margery
 57700 | Crypt:2  | Killed Margery
 58166 | Crypt:3  | Entered Level 3 of the Crypt
 58333 | Crypt:3  | Received a gift from Okawaru
 58499 | Crypt:3  | Identified Kikubaaqudgha's Handbook of Darkness
 58504 | Crypt:3  | Got an ichor-stained hand axe
 58505 | Crypt:3  | Identified the +5 hand axe "Gacamiac" {elec, *Drain +Inv MP+9 Dex-3} (You found it on level 3 of the Crypt)
 58877 | Crypt:3  | Got a scintillating silver amulet
 58877 | Crypt:3  | Got a smoking granite ring
 58881 | Crypt:3  | Identified the amulet of Huarchaf {Regen+ MP+9 Int+5} (You took it off a vampire on level 3 of the Crypt)
 58882 | Crypt:3  | Identified the ring of Haic {rN+ Dex+4} (You found it on level 3 of the Crypt)
 59408 | Crypt:3  | Found a staircase to the Tomb.
 59422 | Crypt:3  | Noticed an ancient lich
 59435 | Crypt:3  | Killed an ancient lich
 59435 | Crypt:3  | Received a gift from Okawaru
 59464 | Crypt:3  | Identified Sif Muna's Grimoire of Quantum Confrontation
 59828 | Crypt:3  | Identified Ikitosu's Grimoire of Transmutation and Confrontation
 60010 | Tomb:1   | Entered Level 1 of the Tomb of the Ancients
 60530 | Tomb:1   | Noticed an ancient lich
 60660 | Tomb:1   | Killed an ancient lich
 60989 | Tomb:1   | Noticed a greater mummy
 61007 | Tomb:1   | Killed a greater mummy
 61011 | Tomb:1   | Received a gift from Okawaru
 61305 | Tomb:1   | Got a scorched glaive
 61311 | Tomb:1   | Identified the +5 glaive "Ultimatum" {flame, +Inv rElec rF++ Int-4} (You found it on level 1 of the Tomb of the Ancients)
 61419 | Tomb:2   | Noticed a greater mummy
 61419 | Tomb:2   | Noticed a greater mummy
 61421 | Tomb:2   | Noticed a greater mummy
 61421 | Tomb:2   | Noticed a greater mummy
 61421 | Tomb:2   | Noticed a greater mummy
 61614 | Tomb:2   | Noticed nataq's ghost (legendary DsFi)
 61685 | Tomb:2   | Killed nataq's ghost
 61698 | Tomb:2   | Killed a greater mummy
 61709 | Tomb:2   | Killed a greater mummy
 61759 | Tomb:2   | Killed a greater mummy
 61786 | Tomb:2   | Killed a greater mummy
 61999 | Tomb:2   | Killed a greater mummy
 62993 | Crypt:3  | Received a gift from Okawaru
 63399 | Orc:2    | Bought a scroll of teleportation for 36 gold pieces
 63399 | Orc:2    | Bought a scroll of teleportation for 36 gold pieces
 66714 | D:14     | Noticed Frances
 66722 | D:14     | Killed Frances
 66960 | D:14     | Found an opulent altar of Gozag.
 67020 | D:15     | Entered Level 15 of the Dungeon
 67110 | D:15     | Found a white marble altar of Elyvilon.
 67683 | D:15     | Reached skill level 10 in Earth Magic
 67894 | D:15     | Found a staircase to the Depths.
 68385 | Depths:1 | Entered Level 1 of the Depths
 68634 | Depths:1 | Learned a level 5 spell: Lee's Rapid Deconstruction
 69106 | Depths:1 | Found a gateway to Hell.
 69413 | Depths:2 | Reached skill level 1 in Transmutations
 69708 | Depths:2 | Received a gift from Okawaru
 69712 | Depths:2 | Reached skill level 5 in Transmutations
 69781 | Depths:2 | Paralysed by a floating eye for 4 turns
 69841 | Depths:2 | Identified Xetwaseq's Almanac of Mezcal
 70097 | Depths:2 | Identified the Tome of Dusty Conjuration
 70104 | Depths:2 | Got a brightly glowing brass ring
 70105 | Depths:2 | Identified the ring "Loppi" {+Inv +Fly rPois rF- Dex+2} (You found it on level 2 of the Depths)
 70353 | Depths:2 | Got an iridescent broad axe
 70354 | Depths:2 | Identified the +7 broad axe "Gexorph" {venom, rF++ SInv} (You found it on level 2 of the Depths)
 72096 | Depths:3 | Found a one-way gate leading to the halls of Pandemonium.
 72098 | Depths:3 | Noticed Saint Roka
 72248 | Depths:3 | Noticed Jory
 72249 | Depths:3 | Noticed Mara
 72251 | Depths:3 | Noticed Andry07's illusion
 72726 | Depths:3 | Noticed Andry07's illusion
 72765 | Depths:3 | Killed Mara
 72774 | Depths:3 | Killed Jory
 72989 | Depths:3 | Found a one-way gate to the infinite horrors of the Abyss.
 73137 | Depths:3 | Killed Saint Roka
 73137 | Depths:3 | Received a gift from Okawaru
 74295 | Depths:4 | Found a gateway to a ziggurat.
 74350 | Depths:4 | Received a gift from Okawaru
 74919 | Depths:5 | Entered Level 5 of the Depths
 74922 | Depths:5 | Noticed Boris
 74933 | Depths:5 | Killed Boris
 75024 | Depths:5 | Found a gate to the Realm of Zot.
 75071 | Depths:5 | Received a gift from Okawaru
 75267 | Depths:5 | Noticed the Enchantress
 75276 | Depths:5 | Killed the Enchantress
 75299 | Depths:5 | Got faerie dragon scales
 75302 | Depths:5 | Identified the +2 faerie dragon scales {rPois rCorr} (You took it off the Enchantress on level 5 of the Depths)
 75477 | Depths:5 | Found Goroown's Assorted Antiques.
 75495 | Depths:5 | Bought a scroll of teleportation for 108 gold pieces
 75523 | Depths:5 | Received a gift from Okawaru
 75883 | Depths:5 | Got a warped morningstar
 75884 | Depths:5 | Identified the cursed +0 morningstar of Parghaakiy {speed, rF+ rC- rN+} (You found it on level 5 of the Depths)
 76182 | Zot:1    | Entered Level 1 of the Realm of Zot
 76293 | Zot:1    | Received a gift from Okawaru
 76932 | Zot:1    | Received a gift from Okawaru
 77433 | Zot:2    | Received a gift from Okawaru
 77459 | Zot:2    | Got a pair of brightly glowing gloves {god gift}
 77461 | Zot:2    | Identified the +0 pair of gloves of Xiehuept {rElec rC- Dex+4} (Okawaru gifted it to you on level 2 of the Realm of Zot)
 79082 | Zot:3    | Found a sparkling altar of Nemelex Xobeh.
 79285 | Zot:4    | Received a gift from Okawaru
 80168 | D:15     | Lost mutation: You are covered in fur. (AC +1) [potion of mutation]
 80168 | D:15     | Lost mutation: You are robust. (+10% HP) [potion of mutation]
 80168 | D:15     | Lost mutation: Potions are less effective at restoring your health. [potion of mutation]
 80168 | D:15     | Lost mutation: You have a pair of small horns on your head. [potion of mutation]
 80168 | D:15     | Gained mutation: Your magical capacity is low. (-10% MP) [potion of mutation]
 80168 | D:15     | Gained mutation: You are clumsy. (Dex -2) [potion of mutation]
 80168 | D:15     | Gained mutation: You are weak. (Str -2) [potion of mutation]
 80168 | D:15     | Gained mutation: You are partially covered in molten scales. (AC +2) [potion of mutation]
 80169 | D:15     | Lost mutation: You are clumsy. (Dex -2) [potion of mutation]
 80169 | D:15     | Lost mutation: You are partially covered in molten scales. (AC +2) [potion of mutation]
 80169 | D:15     | Lost mutation: You are weak. (Str -2) [potion of mutation]
 80169 | D:15     | Gained mutation: Scrolls take you a little longer to read. [potion of mutation]
 80169 | D:15     | Gained mutation: You are partially covered in molten scales. (AC +2) [potion of mutation]
 80169 | D:15     | Gained mutation: You have large cloven feet. [potion of mutation]
 80169 | D:15     | Gained mutation: Your flesh is cold resistant. (rC+) [potion of mutation]
 80170 | D:15     | Lost mutation: Scrolls take you a little longer to read. [potion of mutation]
 80170 | D:15     | Lost mutation: Your magical capacity is low. (-10% MP) [potion of mutation]
 80170 | D:15     | Lost mutation: You are partially covered in molten scales. (AC +2) [potion of mutation]
 80170 | D:15     | Lost mutation: You have large cloven feet. [potion of mutation]
 80170 | D:15     | Lost mutation: Your flesh is cold resistant. (rC+) [potion of mutation]
 80170 | D:15     | Gained mutation: You are partially covered in thin metallic scales. (AC +2) [potion of mutation]
 80170 | D:15     | Gained mutation: Armour fits poorly on your strangely shaped body. [potion of mutation]
 80170 | D:15     | Gained mutation: You are somewhat resistant to further mutation. [potion of mutation]
 80171 | D:15     | Lost mutation: Armour fits poorly on your strangely shaped body. [potion of mutation]
 80171 | D:15     | Lost mutation: You are partially covered in thin metallic scales. (AC +2) [potion of mutation]
 80171 | D:15     | Lost mutation: You are somewhat resistant to further mutation. [potion of mutation]
 80171 | D:15     | Gained mutation: You are robust. (+10% HP) [potion of mutation]
 80171 | D:15     | Gained mutation: Scrolls take you a little longer to read. [potion of mutation]
 80171 | D:15     | Gained mutation: Your flesh is cold resistant. (rC+) [potion of mutation]
 80174 | D:15     | Lost mutation: Scrolls take you a little longer to read. [potion of mutation]
 80174 | D:15     | Lost mutation: Your flesh is cold resistant. (rC+) [potion of mutation]
 80174 | D:15     | Lost mutation: You are robust. (+10% HP) [potion of mutation]
 80174 | D:15     | Gained mutation: Scrolls take you a little longer to read. [potion of mutation]
 80174 | D:15     | Gained mutation: You have sharp toenails. [potion of mutation]
 80174 | D:15     | Gained mutation: You are dopey. (Int -2) [potion of mutation]
 80174 | D:15     | Gained mutation: You are partially covered in large bone plates. (SH +4) [potion of mutation]
 80175 | D:15     | Lost mutation: You are dopey. (Int -2) [potion of mutation]
 80175 | D:15     | Lost mutation: Scrolls take you a little longer to read. [potion of mutation]
 80175 | D:15     | Lost mutation: You have sharp toenails. [potion of mutation]
 80175 | D:15     | Lost mutation: You are partially covered in large bone plates. (SH +4) [potion of mutation]
 80175 | D:15     | Gained mutation: You have sharp toenails. [potion of mutation]
 80175 | D:15     | Gained mutation: Your muscles are strong. (Str +2) [potion of mutation]
 80175 | D:15     | Gained mutation: Armour fits poorly on your strangely shaped body. [potion of mutation]
 80175 | D:15     | Gained mutation: You have a pair of small antennae on your head. [potion of mutation]
 80176 | D:15     | Lost mutation: You have sharp toenails. [potion of mutation]
 80176 | D:15     | Lost mutation: Armour fits poorly on your strangely shaped body. [potion of mutation]
 80176 | D:15     | Lost mutation: Your muscles are strong. (Str +2) [potion of mutation]
 80176 | D:15     | Lost mutation: You have a pair of small antennae on your head. [potion of mutation]
 80176 | D:15     | Gained mutation: You are partially covered in icy blue scales. (AC +2) [potion of mutation]
 80177 | D:15     | Lost mutation: You are partially covered in icy blue scales. (AC +2) [potion of mutation]
 80177 | D:15     | Gained mutation: You are clumsy. (Dex -2) [potion of mutation]
 80177 | D:15     | Gained mutation: You have sharp toenails. [potion of mutation]
 80178 | D:15     | Lost mutation: You have sharp toenails. [potion of mutation]
 80178 | D:15     | Lost mutation: You are clumsy. (Dex -2) [potion of mutation]
 80178 | D:15     | Gained mutation: You evolve. [potion of mutation]
 80178 | D:15     | Gained mutation: You have a somewhat thin skeletal structure. (Dex +2, Stealth) [potion of mutation]
 80179 | D:15     | Gained mutation: You have sharp toenails. [potion of mutation]
 80179 | D:15     | Gained mutation: You are robust. (+10% HP) [potion of mutation]
 80179 | D:15     | Gained mutation: You have a pair of small antennae on your head. [potion of mutation]
 80180 | D:15     | Lost mutation: You have sharp toenails. [potion of mutation]
 80180 | D:15     | Lost mutation: You have a somewhat thin skeletal structure. (Dex +2, Stealth) [potion of mutation]
 80180 | D:15     | Lost mutation: You evolve. [potion of mutation]
 80180 | D:15     | Lost mutation: You have a pair of small antennae on your head. [potion of mutation]
 80180 | D:15     | Gained mutation: Potions are less effective at restoring your health. [potion of mutation]
 80180 | D:15     | Gained mutation: You are somewhat resistant to further mutation. [potion of mutation]
 80181 | D:15     | Lost mutation: Potions are less effective at restoring your health. [potion of mutation]
 80181 | D:15     | Lost mutation: You are robust. (+10% HP) [potion of mutation]
 80181 | D:15     | Gained mutation: Your body sometimes deteriorates upon taking damage. [potion of mutation]
 80181 | D:15     | Gained mutation: Your mind is acute. (Int +2) [potion of mutation]
 80182 | D:15     | Lost mutation: You are somewhat resistant to further mutation. [potion of mutation]
 80182 | D:15     | Lost mutation: Your body sometimes deteriorates upon taking damage. [potion of mutation]
 80182 | D:15     | Gained mutation: Your flesh is cold resistant. (rC+) [potion of mutation]
 80182 | D:15     | Gained mutation: You expend magic power (3 MP) to strengthen your wands. [potion of mutation]
 80182 | D:15     | Gained mutation: You are surrounded by a mild repulsion field. (EV +2) [potion of mutation]
 80183 | D:15     | Lost mutation: Your mind is acute. (Int +2) [potion of mutation]
 80183 | D:15     | Lost mutation: You expend magic power (3 MP) to strengthen your wands. [potion of mutation]
 80183 | D:15     | Gained mutation: You do not regenerate when monsters are visible. [potion of mutation]
 80183 | D:15     | Gained mutation: You have sharp toenails. [potion of mutation]
 80183 | D:15     | Gained mutation: You are partially covered in iridescent scales. (AC +2) [potion of mutation]
 80184 | D:15     | Lost mutation: You are surrounded by a mild repulsion field. (EV +2) [potion of mutation]
 80184 | D:15     | Lost mutation: You do not regenerate when monsters are visible. [potion of mutation]
 80184 | D:15     | Lost mutation: You have sharp toenails. [potion of mutation]
 80184 | D:15     | Gained mutation: You have sharp fingernails. [potion of mutation]
 80184 | D:15     | Gained mutation: Scrolls take you a little longer to read. [potion of mutation]
 80184 | D:15     | Gained mutation: You are partially covered in large bone plates. (SH +4) [potion of mutation]
 80870 | Temple   | Fell from the grace of Okawaru
 80870 | Temple   | Became a worshipper of the Shining One
 81470 | Hell     | Entered the Vestibule of Hell
 81470 | Hell     | Noticed Geryon
 81470 | Hell     | Reached * piety under the Shining One
 81506 | Hell     | Reached ** piety under the Shining One
 81513 | Depths:3 | Reached skill level 27 in Armour
 81771 | Hell     | Killed Geryon
 81930 | Hell     | Found a gateway to the decaying netherworld of Tartarus.
 81942 | Tar:1    | Entered Level 1 of Tartarus
 81960 | Tar:1    | Reached *** piety under the Shining One
 82118 | Tar:1    | Reached **** piety under the Shining One
 82226 | Tar:2    | Reached ***** piety under the Shining One
 82278 | Tar:2    | Reached skill level 27 in Fighting
 82446 | Hell     | Reached ****** piety under the Shining One
 82451 | Hell     | Reached skill level 10 in Invocations
 83787 | Tar:6    | Gained mutation: Armour fits poorly on your strangely shaped body. [mutagenic glow]
 83791 | Tar:7    | Entered Level 7 of Tartarus
 83831 | Tar:7    | Gained mutation: You tend to lose your temper in combat. [mutagenic glow]
 84248 | Tar:7    | Reached skill level 27 in Shields
 84585 | Tar:7    | Gained mutation: You occasionally shout uncontrollably at your foes. [mutagenic glow]
 84600 | Tar:7    | Gained mutation: You sometimes yell uncontrollably at your foes. [mutagenic glow]
 84762 | Tar:7    | Reached skill level 15 in Invocations
 86256 | Tar:7    | Noticed Ereshkigal
 86300 | Tar:7    | Killed Ereshkigal
 86396 | Tar:7    | Got a bone rune of Zot
 86598 | Tar:7    | Was forgiven by Okawaru
 86616 | Tar:7    | Killed from afar by a titan

Skill      XL: |  1  2  3  4  5  6  7  8  9 10 11 12 13 14 15 16 17 18 19 20 21 22 23 24 25 26 27 |
---------------+----------------------------------------------------------------------------------+-----
Fighting       | 4 5 6 7 15 16 17 18 19 20 21 22 27 | 27.0
Maces & Flails | 3 4 5 9 11 12 13 14 | 14.6
Armour         | 4 5 6 7 9 11 12 16 27 | 27.0
Shields        | 4 6 7 8 12 15 17 19 21 23 27 | 27.0
Invocations    | 9 19 | 19.9
Earth Magic    | 5 13 | 13.4
Dodging        | 11 15 18 20 | 20.3
Transmutations | 8 |  8.0

Action                   |  1- 3 |  4- 6 |  7- 9 | 10-12 | 13-15 | 16-18 | 19-21 | 22-24 | 25-27 || total
-------------------------+-------+-------+-------+-------+-------+-------+-------+-------+-------++-------
Melee: Flail             |   128 |   277 |   123 |       |       |       |     1 |       |       ||   529
       Trident           |       |       |   150 |   158 |       |       |       |       |       ||   308
       Headbutt          |       |       |    25 |    17 |       |       |       |   447 |  1508 ||  1997
       Mace              |       |       |       |   537 |  1264 |  1639 |  1423 |    45 |       ||  4908
       Morningstar       |       |       |       |       |       |       |       |  1623 |  5814 ||  7437
 Cast: Passwall          |       |       |       |       |       |       |       |       |     3 ||     3
Invok: Heroism           |       |       |       |     4 |     6 |    10 |    11 |     3 |    24 ||    58
       Finesse           |       |       |       |       |       |     9 |     8 |     2 |     9 ||    28
       Summon Divine War |       |       |       |       |       |       |       |       |    12 ||    12
       Divine Shield     |       |       |       |       |       |       |       |       |     6 ||     6
       Cleansing Flame   |       |       |       |       |       |       |       |       |     2 ||     2
 Abil: Fly               |       |       |       |       |     1 |       |       |       |       ||     1
       Evoke Blink       |       |       |       |       |       |       |       |       |     1 ||     1
Evoke: Wand              |       |       |       |       |       |       |       |       |     1 ||     1
  Use: Scroll            |       |       |     7 |     9 |     8 |    10 |    10 |    12 |    36 ||    92
       Potion            |       |       |     1 |     3 |       |     3 |     3 |     8 |    18 ||    36
 Stab: Invisible         |       |       |       |     1 |       |       |       |       |       ||     1
       Distracted        |       |       |       |       |     2 |       |       |       |       ||     2
       Petrified         |       |       |       |       |     9 |       |       |       |       ||     9
       Petrifying        |       |       |       |       |     2 |       |       |       |       ||     2
  Eat: Chunk             |       |     4 |    15 |    22 |    28 |    15 |    23 |    20 |    26 ||   153
       Fruit             |       |       |     1 |     1 |     3 |       |       |     4 |     1 ||    10
       Royal jelly       |       |       |       |     1 |       |     6 |     1 |     4 |     1 ||    13
       Meat ration       |       |       |       |       |       |     1 |       |       |    11 ||    12
       Bread ration      |       |       |       |       |       |       |       |     4 |     8 ||    12
Armor: Scale mail        |   109 |   227 |   130 |   272 |       |       |       |       |       ||   738
       Plate armour      |       |       |       |   171 |   753 |   742 |   356 |   477 |  1434 ||  3933
Dodge: Dodged            |    44 |   103 |    79 |   216 |   262 |   229 |   207 |   286 |  2109 ||  3535
Block: Shield            |    94 |   189 |   132 |   442 |   543 |       |       |       |       ||  1400
       Buckler           |       |       |       |       |   115 |       |       |       |       ||   115
       Reflection        |       |       |       |       |    67 |   232 |   159 |   133 |   265 ||   856
       Large shield      |       |       |       |       |   279 |  2131 |  1573 |  1818 |  8510 || 14311
